Edmonton Oilers vs Tampa Bay Lightning
Created - Monday, March 24, 2025 at 08:40
Goals
|
| Edmonton Oilers |
0 |
2 |
2 |
4 |
| Tampa Bay Lightning |
0 |
3 |
3 |
6 |
|
Shots
|
| Edmonton Oilers |
8 |
12 |
18 |
38 |
| Tampa Bay Lightning |
6 |
13 |
16 |
35 |
|
1st period
No Goal
Penalties :
Corey Perry (EDM) for Hooking (Minor) at 13:59
2nd period
1. Edmonton Oilers , Morgan Barron 4 (Joey Anderson 3) at 5:34
2. Tampa Bay Lightning , Roope Hintz 13 (Filip Forsberg 12, Kirill Kaprizov 19) at 11:39
3. Tampa Bay Lightning , Anze Kopitar 14 (Kirill Kaprizov 20, Brent Burns 11) at 11:55
4. Edmonton Oilers , Boone Jenner 15 (Rasmus Ristolainen 1, Adrian Kempe 27) at 12:07
5. Tampa Bay Lightning , Jamie Benn 14 (Trevor Moore 13, Hampus Lindholm 7) at 15:31
Penalties :
Brandon Carlo (EDM) for Delaying the game (Minor) at 0:34, Adrian Kempe (EDM) for Tripping (Minor) at 7:36, Travis Konecny (TBL) for Slashing (Minor) at 17:34
3rd period
6. Tampa Bay Lightning , Jonathan Huberdeau 9 (Michael Matheson 9, Brent Burns 12) at 2:06
7. Tampa Bay Lightning , Kirill Kaprizov 16 (Anze Kopitar 13, Moritz Seider 6) at 5:46 (PP)
8. Tampa Bay Lightning , Filip Forsberg 11 (Kirill Kaprizov 21, Anze Kopitar 14) at 11:16 (PP)
9. Edmonton Oilers , Ryan McLeod 4 (Corey Perry 12) at 12:13
10. Edmonton Oilers , Dawson Mercer 13 (Evan Bouchard 17, Corey Perry 13) at 19:31
Penalties :
Moritz Seider (TBL) for Interference (Minor) at 2:23, Adrian Kempe (EDM) for Holding (Minor) at 4:48, Adrian Kempe (EDM) for Hooking (Minor) at 10:39
Goalie Stats
Juuse Saros (EDM), 29 saves from 35 shots - (0.829), L, 8-14-4, 60:00 minutes
Darcy Kuemper (TBL), 34 saves from 38 shots - (0.895), W, 21-6-2, 60:00 minutes
Players Stats for Edmonton Oilers
Player Name G A P +/- PIM S H SB GA TA FO MP PP MP PK MP
------------------------------------------------------------------------------------
Adrian Kempe 0 1 1 0 6 4 1 1 3 1 0/4 17:23 1:51 1:59
Boone Jenner 1 0 1 0 0 2 0 0 2 0 12/21 18:34 1:51 3:08
Brandon Carlo 0 0 0 1 2 3 2 5 0 0 0/0 27:13 2:10 3:20
Brett Pesce 0 0 0 -1 0 0 0 1 0 1 0/0 11:21 0:00 3:24
Brock Boeser 0 0 0 0 0 5 4 4 1 0 1/1 19:56 2:04 4:10
Corey Perry 0 2 2 1 2 2 0 0 0 1 1/2 14:57 0:00 1:56
David Perron 0 0 0 0 0 1 1 0 0 0 0/0 18:23 1:47 3:19
Dawson Mercer 1 0 1 1 0 4 1 0 0 0 2/5 13:45 0:03 0:32
Derek Ryan 0 0 0 -1 0 1 1 0 0 0 3/4 8:03 0:00 0:00
Evan Bouchard 0 1 1 0 0 2 0 1 1 2 0/0 23:40 1:48 3:30
Jacob Trouba 0 0 0 0 0 0 1 2 0 0 0/0 22:04 2:10 3:48
Jake DeBrusk 0 0 0 0 0 4 1 0 0 0 0/0 15:45 2:04 0:00
Jeff Carter 0 0 0 0 0 3 0 1 0 0 9/21 15:42 2:01 0:00
Joey Anderson 0 1 1 -1 0 2 0 0 1 0 0/0 8:03 0:00 0:00
Morgan Barron 1 0 1 -1 0 1 0 0 0 0 0/0 8:50 0:13 0:00
Rasmus Ristolainen 0 1 1 0 0 1 1 2 0 0 0/0 19:12 0:00 0:48
Ryan McLeod 1 0 1 1 0 1 1 1 1 0 0/0 13:02 0:00 0:00
Scott Mayfield 0 0 0 0 0 2 0 0 0 0 0/0 16:30 1:48 0:14
Players Stats for Tampa Bay Lightning
Player Name G A P +/- PIM S H SB GA TA FO MP PP MP PK MP
------------------------------------------------------------------------------------
Anze Kopitar 1 2 3 0 0 3 0 0 0 1 16/25 22:37 4:02 1:55
Brent Burns 0 2 2 0 0 1 3 1 0 0 0/0 22:36 3:40 0:48
Darnell Nurse 0 0 0 -1 0 3 2 2 0 1 0/0 21:47 3:40 2:07
Dylan Cozens 0 0 0 0 0 1 2 0 0 0 0/0 8:14 0:00 1:55
Filip Forsberg 1 1 2 -2 0 2 0 1 1 0 1/2 18:12 4:02 0:00
Gustav Nyquist 0 0 0 0 0 1 2 1 0 0 1/2 16:27 0:00 0:00
Hampus Lindholm 0 1 1 1 0 0 2 1 0 0 0/0 14:09 0:00 0:00
Jamie Benn 1 0 1 2 0 4 0 0 1 0 1/4 15:18 3:27 0:00
Jason Dickinson 0 0 0 0 0 0 0 0 0 1 1/3 8:24 0:00 2:03
Jonathan Huberdeau 1 0 1 2 0 2 1 0 0 2 1/1 11:30 0:03 0:00
Jordan Martinook 0 0 0 0 0 0 0 0 0 0 0/0 6:19 0:00 0:00
Kirill Kaprizov 1 3 4 0 0 4 1 1 0 0 0/0 20:33 4:02 0:00
Michael Matheson 0 1 1 1 0 1 1 1 0 0 0/0 21:26 3:52 2:07
Moritz Seider 0 1 1 0 2 4 2 0 0 1 0/0 23:17 3:52 1:03
Roope Hintz 1 0 1 -2 0 3 1 1 0 1 9/19 17:13 3:30 0:00
Travis Konecny 0 0 0 -2 2 4 4 0 3 2 0/2 17:40 3:30 0:00
Trevor Moore 0 1 1 2 0 2 1 0 0 0 0/0 13:32 0:00 2:03
Tyler Myers 0 0 0 -1 0 0 0 2 0 0 0/0 16:46 0:00 1:51
3 Stars
1 - Kirill Kaprizov (TBL)
2 - Anze Kopitar (TBL)
3 - Jonathan Huberdeau (TBL)
Power Play
Edmonton Oilers - 0 on 2 Attempt(s) - 0.00%
Tampa Bay Lightning - 2 on 5 Attempt(s) - 40.00%
Penalty Kill
Edmonton Oilers - 3 on 5 Attempt(s) - 60.00%
- Score 0 goal in Penalty Kill
Tampa Bay Lightning - 2 on 2 Attempt(s) - 100.00%
- Score 0 goal in Penalty Kill
Team Stat
Edmonton Oilers - Hits : 14 - Faceoff Wins : 28 - Blocked Shots : 18 - Penalty Minutes : 10
Tampa Bay Lightning - Hits : 22 - Faceoff Wins : 30 - Blocked Shots : 11 - Penalty Minutes : 4
Official
Referees : Brian Pochmara and Corey Syvret
Linesman : Michel Cormier and Dan Kelly
Game Notes
Brett Pesce is injured at 14:14 of 2nd period (Left Knee)
Finance
Level 1 -- Attendance: 5788 (96.47%) -- Ticket Income $549,860
Level 2 -- Attendance: 4797 (95.94%) -- Ticket Income $263,835
Level 3 -- Attendance: 3000 (100.00%) -- Ticket Income $96,000
Level 4 -- Attendance: 5000 (100.00%) -- Ticket Income $110,000
Luxury Box -- Attendance: 1000 (100.00%) -- Ticket Income $193,000
Game was played at the Tampa Bay Times Forum.
Total Attendance: 19585 (97.93%)
Total Ticket Income: $1,212,695
Other Income: $424,443
Total Income: $1,637,138
Edmonton Oilers
5 vs 5 Forward
Center Left Wing Right Wing Time % Phy DF OF
1 Boone Jenner David Perron Adrian Kempe 30 1 2 2
2 Jeff Carter Jake DeBrusk Brock Boeser 30 1 2 2
3 Dawson Mercer Ryan McLeod Corey Perry 25 1 2 2
4 Derek Ryan Morgan Barron Joey Anderson 15 1 2 2
5 vs 5 Defense
Defense Defense Time % Phy DF OF
1 Jacob Trouba Brandon Carlo 35 1 2 2
2 Rasmus Ristolainen Evan Bouchard 35 1 2 2
3 Scott Mayfield Brett Pesce 30 1 2 2
4 Jacob Trouba Brandon Carlo 0 1 2 2
PowerPlay Forward
Center Left Wing Right Wing Time % Phy DF OF
1 Boone Jenner David Perron Adrian Kempe 50 1 2 2
2 Jeff Carter Jake DeBrusk Brock Boeser 50 1 2 2
PowerPlay Defense
Defense Defense Time % Phy DF OF
1 Jacob Trouba Brandon Carlo 50 1 2 2
2 Scott Mayfield Evan Bouchard 50 1 2 2
Penalty Kill 4 Players Forward
Center Wing Time % Phy DF OF
1 Adrian Kempe Brock Boeser 50 1 2 2
2 Boone Jenner David Perron 50 1 2 2
Penalty Kill 4 Players Defense
Defense Defense Time % Phy DF OF
1 Jacob Trouba Brandon Carlo 50 1 2 2
2 Brett Pesce Evan Bouchard 50 1 2 2
Penalty Kill - 3 Players Forward
Forward Time % Phy DF OF
1 Adrian Kempe 50 1 2 2
2 Brock Boeser 50 1 2 2
Penalty Kill - 3 Players Defense
Defense Defense Time % Phy DF OF
1 Jacob Trouba Brandon Carlo 50 1 2 2
2 Brett Pesce Evan Bouchard 50 1 2 2
4 vs 4 Forward
Center Wing Time % Phy DF OF
1 Adrian Kempe Brock Boeser 50 1 2 2
2 Boone Jenner David Perron 50 1 2 2
4 vs 4 Defense
Defense Defense Time % Phy DF OF
1 Jacob Trouba Brandon Carlo 50 1 2 2
2 Scott Mayfield Evan Bouchard 50 1 2 2
Last Minutes Offensive
Center Left Wing Right Wing Defense Defense
Boone Jenner David Perron Adrian Kempe Jacob Trouba Brandon Carlo
Last Minutes Defensive
Center Left Wing Right Wing Defense Defense
Boone Jenner David Perron Adrian Kempe Jacob Trouba Brandon Carlo
Goaltenders
Starting : Juuse Saros
Backup : Jonathan Quick
Extra Forwards
Normal : Morgan Barron, Adrian Kempe, Corey Perry - PP : Morgan Barron, Adrian Kempe - PK : Corey Perry
Extra Defensemen
Normal : Scott Mayfield, Brett Pesce, Brandon Carlo - PP : Scott Mayfield - PK : Brett Pesce, Jacob Trouba
Penalty Shots
Adrian Kempe, Brock Boeser, Boone Jenner, David Perron, Jake DeBrusk
Scratches
David Savard (Healthy), Julien Gauthier (Healthy), Tanner Jeannot (Healthy), Dylan Holloway (Healthy)
Tampa Bay Lightning
5 vs 5 Forward
Center Left Wing Right Wing Time % Phy DF OF
1 Anze Kopitar Kirill Kaprizov Gustav Nyquist 34 0 2 3
2 Roope Hintz Travis Konecny Filip Forsberg 33 0 3 2
3 Jamie Benn Trevor Moore Jonathan Huberdeau 28 0 2 3
4 Jason Dickinson Dylan Cozens Jordan Martinook 5 0 2 3
5 vs 5 Defense
Defense Defense Time % Phy DF OF
1 Moritz Seider Brent Burns 36 1 3 1
2 Michael Matheson Hampus Lindholm 34 1 3 1
3 Darnell Nurse Tyler Myers 30 1 3 1
4 Moritz Seider Michael Matheson 0 1 2 2
PowerPlay Forward
Center Left Wing Right Wing Time % Phy DF OF
1 Anze Kopitar Kirill Kaprizov Filip Forsberg 50 1 2 2
2 Roope Hintz Jamie Benn Travis Konecny 50 1 2 2
PowerPlay Defense
Defense Defense Time % Phy DF OF
1 Michael Matheson Moritz Seider 50 1 2 2
2 Brent Burns Darnell Nurse 50 1 2 2
Penalty Kill 4 Players Forward
Center Wing Time % Phy DF OF
1 Jason Dickinson Trevor Moore 50 1 2 2
2 Anze Kopitar Dylan Cozens 50 1 2 2
Penalty Kill 4 Players Defense
Defense Defense Time % Phy DF OF
1 Moritz Seider Tyler Myers 50 1 2 2
2 Michael Matheson Darnell Nurse 50 1 2 2
Penalty Kill - 3 Players Forward
Forward Time % Phy DF OF
1 Anze Kopitar 50 1 2 2
2 Jason Dickinson 50 1 2 2
Penalty Kill - 3 Players Defense
Defense Defense Time % Phy DF OF
1 Michael Matheson Darnell Nurse 50 1 2 2
2 Moritz Seider Tyler Myers 50 1 2 2
4 vs 4 Forward
Center Wing Time % Phy DF OF
1 Jamie Benn Travis Konecny 50 1 2 2
2 Anze Kopitar Roope Hintz 50 1 2 2
4 vs 4 Defense
Defense Defense Time % Phy DF OF
1 Michael Matheson Moritz Seider 50 1 2 2
2 Brent Burns Tyler Myers 50 1 2 2
Last Minutes Offensive
Center Left Wing Right Wing Defense Defense
Anze Kopitar Kirill Kaprizov Filip Forsberg Michael Matheson Moritz Seider
Last Minutes Defensive
Center Left Wing Right Wing Defense Defense
Anze Kopitar Jason Dickinson Travis Konecny Moritz Seider Hampus Lindholm
Goaltenders
Starting : Darcy Kuemper
Backup : Jeremy Swayman
Extra Forwards
Normal : Travis Konecny, Filip Forsberg, Jamie Benn - PP : Jonathan Huberdeau, Trevor Moore - PK : Travis Konecny
Extra Defensemen
Normal : Darnell Nurse, Michael Matheson, Moritz Seider - PP : Moritz Seider - PK : Brent Burns, Darnell Nurse
Penalty Shots
Trevor Moore, Filip Forsberg, Kirill Kaprizov, Gustav Nyquist, Jonathan Huberdeau
Scratches
None
% Time on Ice - Edmonton Oilers
Lines # - Real PCT - Wanted PCT - Time Play
Normal Forward
1 - 28% - 30% - 13:39
2 - 28% - 30% - 13:46
3 - 27% - 25% - 13:02
4 - 17% - 15% - 8:03
Normal Defense
1 - 33% - 35% - 16:04
2 - 38% - 35% - 18:22
3 - 28% - 30% - 13:39
4 - 1% - 0% - 0:25
PP Forward
1 - 48% - 50% - 1:54
2 - 52% - 50% - 2:04
PP Defense
1 - 55% - 50% - 2:10
2 - 45% - 50% - 1:48
PK Forward
1 - 56% - 50% - 4:13
2 - 44% - 50% - 3:19
PK Defense
1 - 54% - 50% - 4:02
2 - 46% - 50% - 3:30
PK3 Forward
1 - 0% - 50%
2 - 0% - 50%
PK3 Defense
1 - 0% - 50%
2 - 0% - 50%
44 Forward
1 - 0% - 50%
2 - 0% - 50%
44 Defense
1 - 0% - 50%
2 - 0% - 50%
Last Minute Offensive - 0:00
Last Minute Defensive - 0:00
Total
Forward - 60:00
Defense - 60:00
|
% Time on Ice - Tampa Bay Lightning
Lines # - Real PCT - Wanted PCT - Time Play
Normal Forward
1 - 35% - 34% - 17:01
2 - 28% - 33% - 13:43
3 - 24% - 28% - 11:27
4 - 13% - 5% - 6:19
Normal Defense
1 - 34% - 36% - 16:18
2 - 31% - 34% - 15:14
3 - 32% - 30% - 15:18
4 - 3% - 0% - 1:40
PP Forward
1 - 54% - 50% - 4:02
2 - 46% - 50% - 3:30
PP Defense
1 - 51% - 50% - 3:52
2 - 49% - 50% - 3:40
PK Forward
1 - 52% - 50% - 2:03
2 - 48% - 50% - 1:55
PK Defense
1 - 47% - 50% - 1:51
2 - 53% - 50% - 2:07
PK3 Forward
1 - 0% - 50%
2 - 0% - 50%
PK3 Defense
1 - 0% - 50%
2 - 0% - 50%
44 Forward
1 - 0% - 50%
2 - 0% - 50%
44 Defense
1 - 0% - 50%
2 - 0% - 50%
Last Minute Offensive - 0:00
Last Minute Defensive - 0:00
Total
Forward - 60:00
Defense - 60:00
|
Play-by-Play
1st period
0:01 of 1st period - Anze Kopitar wins face-off versus Adrian Kempe in neutral zone.
0:28 of 1st period - Wrist shot by Filip Forsberg.
0:28 of 1st period - Shot Blocked by Jacob Trouba.
0:50 of 1st period - Slapshot by Trevor Moore.
0:50 of 1st period - Deflect By Jonathan Huberdeau.
0:50 of 1st period - Stopped by Juuse Saros with a rebound.
0:58 of 1st period - Wrist shot by Ryan McLeod.
0:58 of 1st period - Shot Blocked by Brent Burns.
1:08 of 1st period - Wrist shot by Trevor Moore.
1:08 of 1st period - Shot Misses the Net.
1:10 of 1st period - Slapshot by Moritz Seider.
1:10 of 1st period - Deflect By Dylan Cozens.
1:10 of 1st period - Stopped by Juuse Saros with a rebound.
1:18 of 1st period - Backhand shot by Evan Bouchard.
1:18 of 1st period - Stopped by Darcy Kuemper with a rebound.
1:59 of 1st period - Snap shot by Brock Boeser.
1:59 of 1st period - Shot Blocked by Filip Forsberg.
2:01 of 1st period - Snap shot by Brock Boeser.
2:01 of 1st period - Deflect By Jeff Carter.
2:01 of 1st period - Stopped by Darcy Kuemper with a rebound.
2:17 of 1st period - Ryan McLeod is hit by Trevor Moore and loses puck.
2:36 of 1st period - Snap shot by Derek Ryan.
2:36 of 1st period - Shot Misses the Net.
3:18 of 1st period - Snap shot by Kirill Kaprizov.
3:18 of 1st period - Shot Misses the Net.
3:20 of 1st period - Slapshot by Michael Matheson.
3:20 of 1st period - Stopped by Juuse Saros with a rebound.
3:30 of 1st period - Wrist shot by Filip Forsberg.
3:30 of 1st period - Shot Blocked by Brett Pesce.
5:50 of 1st period - Snap shot by Kirill Kaprizov.
5:50 of 1st period - Deflect By Anze Kopitar.
5:50 of 1st period - Stopped by Juuse Saros without a rebound.
5:51 of 1st period - Anze Kopitar wins face-off versus Boone Jenner in Edmonton Oilers zone.
5:52 of 1st period - Slapshot by Kirill Kaprizov.
5:52 of 1st period - Shot Misses the Net.
5:54 of 1st period - Snap shot by Anze Kopitar.
5:54 of 1st period - Shot Misses the Net.
5:56 of 1st period - Snap shot by Gustav Nyquist.
5:56 of 1st period - Stopped by Juuse Saros without a rebound.
5:57 of 1st period - Roope Hintz wins face-off versus Jeff Carter in Edmonton Oilers zone.
7:45 of 1st period - Off-side.
7:46 of 1st period - Boone Jenner wins face-off versus Anze Kopitar in neutral zone.
7:51 of 1st period - Wrist shot by Adrian Kempe.
7:51 of 1st period - Shot Misses the Net.
7:53 of 1st period - Snap shot by Boone Jenner.
7:53 of 1st period - Deflect By David Perron.
7:53 of 1st period - Shot Misses the Net.
7:53 of 1st period - Puck is out of play.
7:54 of 1st period - Jeff Carter wins face-off versus Jamie Benn in Tampa Bay Lightning zone.
8:03 of 1st period - Slapshot by Brock Boeser.
8:03 of 1st period - Stopped by Darcy Kuemper without a rebound.
8:04 of 1st period - Brock Boeser wins face-off versus Jamie Benn in Tampa Bay Lightning zone.
8:27 of 1st period - Snap shot by Jake DeBrusk.
8:27 of 1st period - Shot Misses the Net.
9:23 of 1st period - Slapshot by Trevor Moore.
9:23 of 1st period - Stopped by Juuse Saros without a rebound.
9:24 of 1st period - Gustav Nyquist wins face-off versus Dawson Mercer in Edmonton Oilers zone.
9:37 of 1st period - Snap shot by Dawson Mercer.
9:37 of 1st period - Shot Misses the Net.
9:39 of 1st period - Slapshot by Brandon Carlo.
9:39 of 1st period - Shot Blocked by Tyler Myers.
11:36 of 1st period - Off-side.
11:37 of 1st period - Derek Ryan wins face-off versus Jason Dickinson in neutral zone.
12:27 of 1st period - Boone Jenner is hit by Travis Konecny and loses puck.
12:44 of 1st period - Snap shot by Jonathan Huberdeau.
12:44 of 1st period - Shot Misses the Net.
12:50 of 1st period - Wrist shot by Brock Boeser.
12:50 of 1st period - Stopped by Darcy Kuemper with a rebound.
12:56 of 1st period - Slapshot by Jeff Carter.
12:56 of 1st period - Stopped by Darcy Kuemper without a rebound.
12:57 of 1st period - Dawson Mercer wins face-off versus Roope Hintz in Tampa Bay Lightning zone.
13:38 of 1st period - Wrist shot by Dawson Mercer.
13:38 of 1st period - Shot Misses the Net.
13:46 of 1st period - Snap shot by Corey Perry.
13:46 of 1st period - Deflect By Dawson Mercer.
13:46 of 1st period - Stopped by Darcy Kuemper with a rebound.
13:59 of 1st period - Minor Penalty to Corey Perry for Hooking.
14:00 of 1st period - Anze Kopitar wins face-off versus Adrian Kempe in Edmonton Oilers zone.
14:12 of 1st period - Wrist shot by Anze Kopitar.
14:12 of 1st period - Shot Blocked by Adrian Kempe.
14:26 of 1st period - Snap shot by David Perron.
14:26 of 1st period - Shot Misses the Net.
14:58 of 1st period - David Perron is hit by Travis Konecny.
15:59 of 1st period - Penalty to Corey Perry is over, Corey Perry is back on ice.
16:23 of 1st period - Jordan Martinook is hit by Rasmus Ristolainen and loses puck.
16:41 of 1st period - Tyler Myers is hit by Brandon Carlo.
16:45 of 1st period - Dawson Mercer is hit by Hampus Lindholm and loses puck.
17:00 of 1st period - Kirill Kaprizov is hit by Brock Boeser and loses puck.
17:42 of 1st period - Snap shot by Corey Perry.
17:42 of 1st period - Stopped by Darcy Kuemper with a rebound.
18:10 of 1st period - Off-side.
18:11 of 1st period - Jeff Carter wins face-off versus Roope Hintz in neutral zone.
18:26 of 1st period - Moritz Seider is hit by Brock Boeser and loses puck.
19:05 of 1st period - Corey Perry is hit by Gustav Nyquist.
19:15 of 1st period - Snap shot by Dawson Mercer.
19:15 of 1st period - Stopped by Darcy Kuemper with a rebound.
Goals for this period are 0 for Edmonton Oilers vs 0 for Tampa Bay Lightning.
Shots for this period are 8 for Edmonton Oilers vs 6 for Tampa Bay Lightning.
2nd period
0:01 of 2nd period - Boone Jenner wins face-off versus Anze Kopitar in neutral zone.
0:06 of 2nd period - Snap shot by David Perron.
0:06 of 2nd period - Stopped by Darcy Kuemper without a rebound.
0:07 of 2nd period - Boone Jenner wins face-off versus Anze Kopitar in Tampa Bay Lightning zone.
0:10 of 2nd period - Wrist shot by Adrian Kempe.
0:10 of 2nd period - Shot Blocked by Kirill Kaprizov.
0:20 of 2nd period - Brandon Carlo is hit by Kirill Kaprizov and loses puck.
0:34 of 2nd period - Minor Penalty to Brandon Carlo for Delaying the game.
0:35 of 2nd period - Roope Hintz wins face-off versus Adrian Kempe in Edmonton Oilers zone.
1:00 of 2nd period - Moritz Seider is hit by David Perron and loses puck.
2:34 of 2nd period - Penalty to Brandon Carlo is over, Brandon Carlo is back on ice.
3:23 of 2nd period - Jacob Trouba is hit by Dylan Cozens and loses puck.
4:01 of 2nd period - Icing by Tyler Myers.
4:02 of 2nd period - Anze Kopitar wins face-off versus Derek Ryan in Tampa Bay Lightning zone.
4:19 of 2nd period - Moritz Seider is hit by Adrian Kempe and loses puck.
4:54 of 2nd period - Jamie Benn is hit by Brock Boeser and loses puck.
5:27 of 2nd period - Joey Anderson is hit by Roope Hintz and loses puck.
5:34 of 2nd period - Snap shot by Morgan Barron.
5:34 of 2nd period - Goal by Morgan Barron - Edmonton Oilers : 1 - Tampa Bay Lightning : 0.
5:35 of 2nd period - Boone Jenner wins face-off versus Roope Hintz in neutral zone.
6:11 of 2nd period - Snap shot by Anze Kopitar.
6:11 of 2nd period - Shot Misses the Net.
6:13 of 2nd period - Slapshot by Darnell Nurse.
6:13 of 2nd period - Shot Misses the Net.
6:59 of 2nd period - Icing by Jacob Trouba.
7:00 of 2nd period - Boone Jenner wins face-off versus Roope Hintz in Edmonton Oilers zone.
7:17 of 2nd period - Snap shot by Adrian Kempe.
7:17 of 2nd period - Stopped by Darcy Kuemper without a rebound.
7:18 of 2nd period - Anze Kopitar wins face-off versus Jeff Carter in Tampa Bay Lightning zone.
7:27 of 2nd period - Wrist shot by Kirill Kaprizov.
7:27 of 2nd period - Shot Misses the Net.
7:29 of 2nd period - Slapshot by Moritz Seider.
7:29 of 2nd period - Stopped by Juuse Saros without a rebound.
7:30 of 2nd period - Anze Kopitar wins face-off versus Boone Jenner in Edmonton Oilers zone.
7:36 of 2nd period - Minor Penalty to Adrian Kempe for Tripping.
7:37 of 2nd period - Roope Hintz wins face-off versus Corey Perry in Edmonton Oilers zone.
7:41 of 2nd period - Wrist shot by Travis Konecny.
7:41 of 2nd period - Shot Misses the Net.
7:43 of 2nd period - Slapshot by Michael Matheson.
7:43 of 2nd period - Shot Misses the Net.
7:45 of 2nd period - Snap shot by Travis Konecny.
7:45 of 2nd period - Stopped by Juuse Saros with a rebound.
7:47 of 2nd period - Backhand shot by Roope Hintz.
7:47 of 2nd period - Shot Blocked by Brock Boeser.
7:49 of 2nd period - Wrist shot by Jamie Benn.
7:49 of 2nd period - Shot Misses the Net.
7:51 of 2nd period - Slapshot by Moritz Seider.
7:51 of 2nd period - Deflect By Travis Konecny.
7:51 of 2nd period - Stopped by Juuse Saros with a rebound.
7:53 of 2nd period - Snap shot by Jamie Benn.
7:53 of 2nd period - Stopped by Juuse Saros with a rebound.
9:05 of 2nd period - Icing by Kirill Kaprizov.
9:06 of 2nd period - Filip Forsberg wins face-off versus Dawson Mercer in Tampa Bay Lightning zone.
9:21 of 2nd period - Slapshot by Roope Hintz.
9:21 of 2nd period - Stopped by Juuse Saros with a rebound.
9:36 of 2nd period - Penalty to Adrian Kempe is over, Adrian Kempe is back on ice.
9:52 of 2nd period - Darnell Nurse is hit by Derek Ryan and loses puck.
10:11 of 2nd period - Slapshot by Brent Burns.
10:11 of 2nd period - Stopped by Juuse Saros with a rebound.
10:27 of 2nd period - Slapshot by Brock Boeser.
10:27 of 2nd period - Stopped by Darcy Kuemper with a rebound.
10:33 of 2nd period - Brandon Carlo is hit by Travis Konecny.
11:06 of 2nd period - Derek Ryan is hit by Dylan Cozens and loses puck.
11:17 of 2nd period - Derek Ryan is hit by Darnell Nurse.
11:39 of 2nd period - Wrist shot by Roope Hintz.
11:39 of 2nd period - Goal by Roope Hintz - Edmonton Oilers : 1 - Tampa Bay Lightning : 1.
11:40 of 2nd period - Anze Kopitar wins face-off versus Boone Jenner in neutral zone.
11:55 of 2nd period - Snap shot by Anze Kopitar.
11:55 of 2nd period - Goal by Anze Kopitar - Edmonton Oilers : 1 - Tampa Bay Lightning : 2.
11:56 of 2nd period - Boone Jenner wins face-off versus Roope Hintz in neutral zone.
12:03 of 2nd period - Wrist shot by Adrian Kempe.
12:03 of 2nd period - Shot Blocked by Roope Hintz.
12:05 of 2nd period - Backhand shot by Rasmus Ristolainen.
12:05 of 2nd period - Stopped by Darcy Kuemper with a rebound.
12:07 of 2nd period - Snap shot by Boone Jenner.
12:07 of 2nd period - Goal by Boone Jenner - Edmonton Oilers : 2 - Tampa Bay Lightning : 2.
12:08 of 2nd period - Jeff Carter wins face-off versus Anze Kopitar in neutral zone.
12:16 of 2nd period - Evan Bouchard is hit by Moritz Seider and loses puck.
13:07 of 2nd period - Joey Anderson is hit by Jonathan Huberdeau and loses puck.
13:24 of 2nd period - Snap shot by Joey Anderson.
13:24 of 2nd period - Stopped by Darcy Kuemper with a rebound.
13:26 of 2nd period - Snap shot by Derek Ryan.
13:26 of 2nd period - Shot Misses the Net.
13:28 of 2nd period - Snap shot by Joey Anderson.
13:28 of 2nd period - Stopped by Darcy Kuemper without a rebound.
13:29 of 2nd period - Roope Hintz wins face-off versus Jeff Carter in Tampa Bay Lightning zone.
13:45 of 2nd period - Wrist shot by Brock Boeser.
13:45 of 2nd period - Deflect By Jake DeBrusk.
13:45 of 2nd period - Stopped by Darcy Kuemper without a rebound.
13:46 of 2nd period - Anze Kopitar wins face-off versus Boone Jenner in Tampa Bay Lightning zone.
14:13 of 2nd period - Brett Pesce is hit by Moritz Seider and loses puck.
14:14 of 2nd period - Brett Pesce from Edmonton Oilers is injured at 14:14 of 2nd period (Left Knee).
14:15 of 2nd period - Jeff Carter wins face-off versus Roope Hintz in Edmonton Oilers zone.
14:46 of 2nd period - Wrist shot by Dawson Mercer.
14:46 of 2nd period - Shot Blocked by Tyler Myers.
14:54 of 2nd period - Snap shot by Dawson Mercer.
14:54 of 2nd period - Stopped by Darcy Kuemper with a rebound.
15:08 of 2nd period - Adrian Kempe is hit by Darnell Nurse and loses puck.
15:31 of 2nd period - Snap shot by Jamie Benn.
15:31 of 2nd period - Goal by Jamie Benn - Edmonton Oilers : 2 - Tampa Bay Lightning : 3.
15:32 of 2nd period - Anze Kopitar wins face-off versus Jeff Carter in neutral zone.
15:43 of 2nd period - Wrist shot by Kirill Kaprizov.
15:43 of 2nd period - Stopped by Juuse Saros with a rebound.
16:47 of 2nd period - Snap shot by Trevor Moore.
16:47 of 2nd period - Stopped by Juuse Saros with a rebound.
16:49 of 2nd period - Wrist shot by Jamie Benn.
16:49 of 2nd period - Shot Blocked by Brandon Carlo.
16:51 of 2nd period - Wrist shot by Darnell Nurse.
16:51 of 2nd period - Stopped by Juuse Saros with a rebound.
16:53 of 2nd period - Slapshot by Jamie Benn.
16:53 of 2nd period - Shot Misses the Net.
16:55 of 2nd period - Snap shot by Jamie Benn.
16:55 of 2nd period - Stopped by Juuse Saros without a rebound.
16:56 of 2nd period - Anze Kopitar wins face-off versus Jeff Carter in Edmonton Oilers zone.
17:30 of 2nd period - Slapshot by Adrian Kempe.
17:30 of 2nd period - Stopped by Darcy Kuemper with a rebound.
17:32 of 2nd period - Wrist shot by Boone Jenner.
17:32 of 2nd period - Stopped by Darcy Kuemper with a rebound.
17:34 of 2nd period - Minor Penalty to Travis Konecny for Slashing.
17:35 of 2nd period - Boone Jenner wins face-off versus Jason Dickinson in Tampa Bay Lightning zone.
19:34 of 2nd period - Penalty to Travis Konecny is over, Travis Konecny is back on ice.
19:48 of 2nd period - Brent Burns is hit by Ryan McLeod.
19:52 of 2nd period - Dawson Mercer is hit by Travis Konecny and loses puck.
Goals for this period are 2 for Edmonton Oilers vs 3 for Tampa Bay Lightning.
Shots for this period are 12 for Edmonton Oilers vs 13 for Tampa Bay Lightning.
3rd period
0:01 of 3rd period - Anze Kopitar wins face-off versus Jeff Carter in neutral zone.
0:16 of 3rd period - Snap shot by Jake DeBrusk.
0:16 of 3rd period - Stopped by Darcy Kuemper without a rebound.
0:17 of 3rd period - Roope Hintz wins face-off versus Boone Jenner in Tampa Bay Lightning zone.
0:44 of 3rd period - Anze Kopitar is hit by Brock Boeser and loses puck.
1:09 of 3rd period - Snap shot by Jamie Benn.
1:09 of 3rd period - Stopped by Juuse Saros without a rebound.
1:10 of 3rd period - Dawson Mercer wins face-off versus Jamie Benn in Edmonton Oilers zone.
1:57 of 3rd period - Corey Perry is hit by Brent Burns and loses puck.
2:02 of 3rd period - Snap shot by Jonathan Huberdeau.
2:02 of 3rd period - Shot Blocked by Evan Bouchard.
2:04 of 3rd period - Snap shot by Jonathan Huberdeau.
2:04 of 3rd period - Shot Misses the Net.
2:06 of 3rd period - Slapshot by Michael Matheson.
2:06 of 3rd period - Deflect By Jonathan Huberdeau.
2:06 of 3rd period - Goal by Jonathan Huberdeau - Edmonton Oilers : 2 - Tampa Bay Lightning : 4.
2:07 of 3rd period - Boone Jenner wins face-off versus Roope Hintz in neutral zone.
2:12 of 3rd period - Snap shot by David Perron.
2:12 of 3rd period - Shot Hit the Post.
2:23 of 3rd period - Minor Penalty to Moritz Seider for Interference.
2:24 of 3rd period - Jeff Carter wins face-off versus Anze Kopitar in Tampa Bay Lightning zone.
2:52 of 3rd period - Slapshot by Jacob Trouba.
2:52 of 3rd period - Shot Misses the Net.
2:56 of 3rd period - Snap shot by Brock Boeser.
2:56 of 3rd period - Stopped by Darcy Kuemper with a rebound.
3:02 of 3rd period - Snap shot by Jeff Carter.
3:02 of 3rd period - Shot Blocked by Michael Matheson.
3:04 of 3rd period - Slapshot by Brandon Carlo.
3:04 of 3rd period - Stopped by Darcy Kuemper with a rebound.
3:10 of 3rd period - Snap shot by Jeff Carter.
3:10 of 3rd period - Stopped by Darcy Kuemper without a rebound.
3:11 of 3rd period - Jason Dickinson wins face-off versus Boone Jenner in Tampa Bay Lightning zone.
3:48 of 3rd period - Dylan Cozens is hit by Jake DeBrusk and loses puck.
4:23 of 3rd period - Penalty to Moritz Seider is over, Moritz Seider is back on ice.
4:48 of 3rd period - Minor Penalty to Adrian Kempe for Holding.
4:49 of 3rd period - Corey Perry wins face-off versus Roope Hintz in Edmonton Oilers zone.
5:02 of 3rd period - Slapshot by Corey Perry.
5:02 of 3rd period - Stopped by Darcy Kuemper without a rebound.
5:03 of 3rd period - Anze Kopitar wins face-off versus Boone Jenner in Tampa Bay Lightning zone.
5:46 of 3rd period - Wrist shot by Kirill Kaprizov.
5:46 of 3rd period - Goal by Kirill Kaprizov - Edmonton Oilers : 2 - Tampa Bay Lightning : 5.
5:47 of 3rd period - Jamie Benn wins face-off versus Jeff Carter in neutral zone.
6:33 of 3rd period - Snap shot by Gustav Nyquist.
6:33 of 3rd period - Shot Blocked by Ryan McLeod.
6:35 of 3rd period - Snap shot by Anze Kopitar.
6:35 of 3rd period - Shot Blocked by Brandon Carlo.
6:37 of 3rd period - Slapshot by Brent Burns.
6:37 of 3rd period - Shot Blocked by Brandon Carlo.
6:43 of 3rd period - Gustav Nyquist is hit by Dawson Mercer and loses puck.
7:00 of 3rd period - Off-side.
7:01 of 3rd period - Jeff Carter wins face-off versus Roope Hintz in neutral zone.
7:04 of 3rd period - Wrist shot by Evan Bouchard.
7:04 of 3rd period - Stopped by Darcy Kuemper without a rebound.
7:05 of 3rd period - Roope Hintz wins face-off versus Jeff Carter in Tampa Bay Lightning zone.
7:15 of 3rd period - Snap shot by Brent Burns.
7:15 of 3rd period - Shot Blocked by Jeff Carter.
7:17 of 3rd period - Slapshot by Moritz Seider.
7:17 of 3rd period - Stopped by Juuse Saros with a rebound.
7:19 of 3rd period - Slapshot by Travis Konecny.
7:19 of 3rd period - Shot Misses the Net.
7:21 of 3rd period - Snap shot by Travis Konecny.
7:21 of 3rd period - Stopped by Juuse Saros without a rebound.
7:22 of 3rd period - Boone Jenner wins face-off versus Gustav Nyquist in Edmonton Oilers zone.
7:22 of 3rd period - Boone Jenner is hit by Michael Matheson.
8:58 of 3rd period - Wrist shot by Anze Kopitar.
8:58 of 3rd period - Shot Misses the Net.
9:16 of 3rd period - Boone Jenner is hit by Brent Burns and loses puck.
9:35 of 3rd period - Snap shot by Filip Forsberg.
9:35 of 3rd period - Shot Misses the Net.
9:37 of 3rd period - Wrist shot by Filip Forsberg.
9:37 of 3rd period - Shot Blocked by Brock Boeser.
9:39 of 3rd period - Slapshot by Travis Konecny.
9:39 of 3rd period - Stopped by Juuse Saros without a rebound.
9:40 of 3rd period - Anze Kopitar wins face-off versus Jeff Carter in Edmonton Oilers zone.
9:41 of 3rd period - Slapshot by Kirill Kaprizov.
9:41 of 3rd period - Deflect By Gustav Nyquist.
9:41 of 3rd period - Shot Blocked by Rasmus Ristolainen.
9:41 of 3rd period - Puck is out of play.
9:42 of 3rd period - Anze Kopitar wins face-off versus Jeff Carter in Edmonton Oilers zone.
9:47 of 3rd period - Wrist shot by Anze Kopitar.
9:47 of 3rd period - Shot Blocked by Rasmus Ristolainen.
10:07 of 3rd period - Corey Perry is hit by Hampus Lindholm.
10:32 of 3rd period - Snap shot by Jamie Benn.
10:32 of 3rd period - Shot Misses the Net.
10:34 of 3rd period - Wrist shot by Trevor Moore.
10:34 of 3rd period - Shot Misses the Net.
10:39 of 3rd period - Minor Penalty to Adrian Kempe for Hooking.
10:40 of 3rd period - Boone Jenner wins face-off versus Travis Konecny in Edmonton Oilers zone.
11:16 of 3rd period - Slapshot by Filip Forsberg.
11:16 of 3rd period - Goal by Filip Forsberg - Edmonton Oilers : 2 - Tampa Bay Lightning : 6.
11:17 of 3rd period - Boone Jenner wins face-off versus Anze Kopitar in neutral zone.
11:28 of 3rd period - Snap shot by Adrian Kempe.
11:28 of 3rd period - Stopped by Darcy Kuemper without a rebound.
11:29 of 3rd period - Jeff Carter wins face-off versus Anze Kopitar in Tampa Bay Lightning zone.
11:32 of 3rd period - Snap shot by Brock Boeser.
11:32 of 3rd period - Stopped by Darcy Kuemper with a rebound.
11:56 of 3rd period - Brandon Carlo is hit by Brent Burns and loses puck.
12:03 of 3rd period - Snap shot by Adrian Kempe.
12:03 of 3rd period - Stopped by Darcy Kuemper without a rebound.
12:04 of 3rd period - Roope Hintz wins face-off versus Dawson Mercer in Tampa Bay Lightning zone.
12:13 of 3rd period - Snap shot by Ryan McLeod.
12:13 of 3rd period - Deflect By Travis Konecny.
12:13 of 3rd period - Goal by Ryan McLeod - Edmonton Oilers : 3 - Tampa Bay Lightning : 6.
12:14 of 3rd period - Jeff Carter wins face-off versus Anze Kopitar in neutral zone.
12:19 of 3rd period - Snap shot by Jake DeBrusk.
12:19 of 3rd period - Shot Blocked by Hampus Lindholm.
12:21 of 3rd period - Slapshot by Jacob Trouba.
12:21 of 3rd period - Shot Misses the Net.
12:53 of 3rd period - Wrist shot by Roope Hintz.
12:53 of 3rd period - Stopped by Juuse Saros with a rebound.
13:07 of 3rd period - Wrist shot by Corey Perry.
13:07 of 3rd period - Shot Blocked by Darnell Nurse.
13:09 of 3rd period - Slapshot by Brandon Carlo.
13:09 of 3rd period - Stopped by Darcy Kuemper with a rebound.
13:11 of 3rd period - Snap shot by Scott Mayfield.
13:11 of 3rd period - Stopped by Darcy Kuemper without a rebound.
13:12 of 3rd period - Jeff Carter wins face-off versus Anze Kopitar in Tampa Bay Lightning zone.
13:19 of 3rd period - Snap shot by Jake DeBrusk.
13:19 of 3rd period - Stopped by Darcy Kuemper without a rebound.
13:20 of 3rd period - Anze Kopitar wins face-off versus Jeff Carter in Tampa Bay Lightning zone.
13:25 of 3rd period - Slapshot by Kirill Kaprizov.
13:25 of 3rd period - Shot Misses the Net.
13:27 of 3rd period - Snap shot by Darnell Nurse.
13:27 of 3rd period - Deflect By Brock Boeser.
13:27 of 3rd period - Stopped by Juuse Saros with a rebound.
13:29 of 3rd period - Wrist shot by Anze Kopitar.
13:29 of 3rd period - Shot Blocked by Brandon Carlo.
13:31 of 3rd period - Wrist shot by Gustav Nyquist.
13:31 of 3rd period - Shot Blocked by Brock Boeser.
13:33 of 3rd period - Snap shot by Kirill Kaprizov.
13:33 of 3rd period - Stopped by Juuse Saros with a rebound.
13:35 of 3rd period - Slapshot by Darnell Nurse.
13:35 of 3rd period - Deflect By Brock Boeser.
13:35 of 3rd period - Stopped by Juuse Saros with a rebound.
13:45 of 3rd period - Tyler Myers is hit by Jacob Trouba and loses puck.
13:58 of 3rd period - Snap shot by Brock Boeser.
13:58 of 3rd period - Shot Blocked by Gustav Nyquist.
14:04 of 3rd period - Wrist shot by Kirill Kaprizov.
14:04 of 3rd period - Shot Misses the Net.
14:06 of 3rd period - Slapshot by Brent Burns.
14:06 of 3rd period - Shot Blocked by Brock Boeser.
14:08 of 3rd period - Snap shot by Kirill Kaprizov.
14:08 of 3rd period - Shot Misses the Net.
14:38 of 3rd period - Wrist shot by Anze Kopitar.
14:38 of 3rd period - Stopped by Juuse Saros with a rebound.
14:40 of 3rd period - Wrist shot by Anze Kopitar.
14:40 of 3rd period - Shot Misses the Net.
14:42 of 3rd period - Snap shot by Kirill Kaprizov.
14:42 of 3rd period - Shot Blocked by Jacob Trouba.
14:48 of 3rd period - Wrist shot by Kirill Kaprizov.
14:48 of 3rd period - Stopped by Juuse Saros without a rebound.
14:49 of 3rd period - Roope Hintz wins face-off versus Adrian Kempe in Edmonton Oilers zone.
14:50 of 3rd period - Wrist shot by Filip Forsberg.
14:50 of 3rd period - Stopped by Juuse Saros with a rebound.
14:52 of 3rd period - Slapshot by Moritz Seider.
14:52 of 3rd period - Deflect By David Perron.
14:52 of 3rd period - Stopped by Juuse Saros without a rebound.
14:53 of 3rd period - Boone Jenner wins face-off versus Roope Hintz in Edmonton Oilers zone.
15:33 of 3rd period - Snap shot by Jonathan Huberdeau.
15:33 of 3rd period - Shot Misses the Net.
15:51 of 3rd period - Slapshot by Evan Bouchard.
15:51 of 3rd period - Deflect By Derek Ryan.
15:51 of 3rd period - Stopped by Darcy Kuemper without a rebound.
15:52 of 3rd period - Roope Hintz wins face-off versus Boone Jenner in Tampa Bay Lightning zone.
16:24 of 3rd period - Snap shot by Derek Ryan.
16:24 of 3rd period - Shot Misses the Net.
16:26 of 3rd period - Slapshot by Morgan Barron.
16:26 of 3rd period - Shot Misses the Net.
16:28 of 3rd period - Slapshot by Scott Mayfield.
16:28 of 3rd period - Stopped by Darcy Kuemper with a rebound.
16:30 of 3rd period - Slapshot by Brandon Carlo.
16:30 of 3rd period - Stopped by Darcy Kuemper without a rebound.
16:31 of 3rd period - Anze Kopitar wins face-off versus Jeff Carter in Tampa Bay Lightning zone.
16:39 of 3rd period - Wrist shot by Jake DeBrusk.
16:39 of 3rd period - Shot Misses the Net.
16:41 of 3rd period - Slapshot by Rasmus Ristolainen.
16:41 of 3rd period - Shot Hit the Post.
16:43 of 3rd period - Slapshot by Evan Bouchard.
16:43 of 3rd period - Deflect By Jake DeBrusk.
16:43 of 3rd period - Stopped by Darcy Kuemper without a rebound.
16:44 of 3rd period - Jonathan Huberdeau wins face-off versus Boone Jenner in Tampa Bay Lightning zone.
16:51 of 3rd period - Backhand shot by Jamie Benn.
16:51 of 3rd period - Shot Misses the Net.
18:16 of 3rd period - Evan Bouchard is hit by Gustav Nyquist and loses puck.
18:25 of 3rd period - Snap shot by Kirill Kaprizov.
18:25 of 3rd period - Shot Misses the Net.
19:29 of 3rd period - Snap shot by Dawson Mercer.
19:29 of 3rd period - Shot Blocked by Darnell Nurse.
19:31 of 3rd period - Slapshot by Dawson Mercer.
19:31 of 3rd period - Goal by Dawson Mercer - Edmonton Oilers : 4 - Tampa Bay Lightning : 6.
19:32 of 3rd period - Derek Ryan wins face-off versus Travis Konecny in neutral zone.
19:35 of 3rd period - Brent Burns is hit by Brandon Carlo and loses puck.
19:42 of 3rd period - Slapshot by Moritz Seider.
19:42 of 3rd period - Stopped by Juuse Saros with a rebound.
19:44 of 3rd period - Slapshot by Jamie Benn.
19:44 of 3rd period - Deflect By Filip Forsberg.
19:44 of 3rd period - Shot Blocked by Brandon Carlo.
19:44 of 3rd period - Puck is out of play.
19:45 of 3rd period - Derek Ryan wins face-off versus Filip Forsberg in Edmonton Oilers zone.
Goals for this period are 2 for Edmonton Oilers vs 3 for Tampa Bay Lightning.
Shots for this period are 18 for Edmonton Oilers vs 16 for Tampa Bay Lightning.
Back to the Top